 Dungeon Crawl Stone Soup version 0.29-a0-648-g6b26cc9f40 (webtiles) character file.

Game seed: 13251917391158102655

1010 Kaemin the Skirmisher (level 8, -9/105 HPs)
             Began as a Minotaur Berserker on June 20, 2022.
             Was an Elder of Trog.
             Mangled by an ogre
             ... wielding a +0 giant club
              (24 damage)
             ... on level 5 of the Dungeon.
             The game lasted 00:22:38 (4070 turns).

Kaemin the Skirmisher (Minotaur Berserker)          Turns: 4070, Time: 00:22:39

Health: -9/105     AC:  8    Str: 24    XL:     8   Next: 1%
Magic:  7/7        EV: 11    Int:  4    God:    Trog [****..]
Gold:   175        SH:  0    Dex: 10    Spells: 7/7 levels left

rFire   . . .      SeeInvis .   v - +0 scythe (venom)
rCold   . . .      Faith    .   (shield currently unavailable)
rNeg    . . .      Spirit   .   k - +0 scale mail
rPois   .          Reflect  .   (helmet restricted)
rElec   .          Harm     .   (no cloak)
rCorr   +          Rampage  .   c - +0 pair of gloves
Will    .....                   (no boots)
Stlth   ..........              d - amulet of regeneration
HPRegen 1.07/turn               y - ring of resist corrosion
MPRegen 0.10/turn               (no ring)

@: berserking, lethally poisoned (-9 -> -11), very quick
A: horns 2, retaliatory headbutt
a: Renounce Religion, Berserk, Trog's Hand, Brothers in Arms


You were on level 5 of the Dungeon.
You worshipped Trog.
Trog was greatly pleased with you.
You visited 1 branch of the dungeon, and saw 5 of its levels.
You also visited: Sewer.

You collected 175 gold pieces.

Inventory:

Hand Weapons
 a - a +1 falchion
 i - a +0 war axe
 v - a +0 scythe of venom (weapon)
Missiles
 w - 2 javelins (quivered)
Armour
 b - a +0 animal skin
 c - a +0 pair of gloves (worn)
 k - a +0 scale mail (worn)
Jewellery
 d - an amulet of regeneration (around neck)
 n - an amulet of guardian spirit
 x - an amulet of guardian spirit
 y - a ring of resist corrosion (left hand)
Wands
 e - a wand of light (2)
Scrolls
 f - 2 scrolls of immolation
 h - a scroll of amnesia
 j - 2 scrolls of teleportation
 p - a scroll of noise
 r - a scroll of magic mapping
 t - 2 scrolls of vulnerability
 B - a scroll of identify
Potions
 g - a potion of degeneration
 l - a potion of mutation {unknown}
 m - a potion of heal wounds {unknown}
 o - a potion of curing
 q - a potion of invisibility
 s - 3 potions of attraction
 u - a potion of ambrosia
 z - a potion of might {unknown}
 A - a potion of magic {unknown}


   Skills:
 + Level 5.6 Fighting
 + Level 5.3 Long Blades
 + Level 4.8(5.9) Axes
 + Level 5.1(6.0) Polearms
 + Level 0.1 Throwing
 + Level 5.1 Armour
 + Level 3.6 Dodging
 + Level 0.3 Stealth


You had 7 spell levels left.
You didn't know any spells.
Your spell library contained the following spells:

 Spells                   Type           Power      Damage    Failure   Level
 Apportation              Tloc           0%         N/A       78%         1
 Necrotize                Necr           0%         1d4       78%         1
 Summon Small Mammal      Summ           0%         N/A       78%         1


Dungeon Overview and Level Annotations

Branches:
Dungeon (5/15)              Sewer (visited)
 Temple: D:4-7

Altars:
Ru
Zin
The Shining One

Shops:
D:1 :=(:[   D:2 ((


Innate Abilities, Weirdness & Mutations

You have a pair of horns on your head.
You reflexively headbutt those who attack you in melee.


Message History

s - 3 potions of attraction (gained 1)
Your ogre disappears in a puff of smoke!
An orc comes into view. It is wielding a +0 dagger.
Found 12 gold pieces.
The orc shouts!
Found 20 gold pieces.
You reach to attack!
You closely miss the orc.
You recover from your berserk rage.
The orc hits you but does no damage.
You closely miss the orc. Your headbutt misses the orc.
The orc barely misses you. x2
You slash the orc!
You kill the orc!
Trog accepts your kill.
Found a quarterstaff.
An ogre comes into view. It is wielding a +0 giant club.
The ogre shouts!
The ogre moves out of view.
A scorpion comes into view.
You slash the ogre!
The ogre is poisoned.
The ogre is moderately wounded.
The ogre hits you with a +0 giant club!! x2
* * * LOW HITPOINT WARNING * * *
A red film seems to cover your vision as you go berserk!
You feel yourself moving faster!
You feel mighty! The scorpion stings you.
* * * LOW HITPOINT WARNING * * *
You are poisoned.
The scorpion poisons you!
You are too berserk!
You are too injured to fight recklessly!
You barely miss the ogre. You headbutt the ogre!
The ogre is almost dead.
You feel very sick.
The scorpion stings you but does no damage.
The ogre misses you. The scorpion misses you.
You closely miss the ogre.
The ogre is almost dead.
You feel very sick.
The ogre hits you with a +0 giant club!!
You die...

.. . #. # ... . . ..##
...#..# ..# ..##...#.
..... ....... ..)...
##..#.##$.......
.###..O#..#.#......
......s@..#......###
.........!.........#
#.............<....#
#..................#
##.................#####
##.........#........)..
#...............##..)..
#......)..#.........)##
#$........#............


You could see an ogre (very poisoned) and a scorpion.

Vanquished Creatures
  Sigmund (D:3)
  A black bear (D:5)
  A necrophage (D:5)
  2 scorpions
  3 hounds (D:4)
  2 orc priests (D:5)
  An iguana (D:4)
  Robin (D:3)
  3 gnolls (D:4)
  8 adders
  5 river rats (Sewer)
  A white imp (D:5)
  2 ufetubi
  An adder zombie (D:2)
  A worm (D:2)
  8 orcs
  5 bats
  A bat zombie (D:2)
  11 endoplasms
  5 giant cockroaches
  20 goblins
  7 hobgoblins
  7 jackals
  4 quokkas
  12 ball pythons
  A ball python skeleton (D:2)
  7 frilled lizards
  3 kobolds
  16 rats
140 creatures vanquished.

Vanquished Creatures (collateral kills)
  2 orc priests (D:5)
  An iguana (D:5)
  An orc (D:5)
4 creatures vanquished.

Vanquished Creatures (others)
  4 withered plants (D:2)
4 creatures vanquished.

Grand Total: 148 creatures vanquished

Notes
Turn   | Place    | Note
-------+----------+-------------------------------------------
     0 | D:1      | Kaemin the Minotaur Berserker began the quest for the Orb.
     0 | D:1      | Reached XP level 1. HP: 19/19 MP: 0/0
    75 | D:1      | Found Luwim's Jewellery Emporium.
   101 | D:1      | Found Reqysymm's Weapon Boutique.
   113 | D:1      | Found Jeeghed's Book Emporium.
   224 | D:1      | Found a faded altar of an unknown god.
   245 | D:1      | Reached XP level 2. HP: 26/27 MP: 1/1
   503 | D:1      | Found Xofogy's Armour Boutique.
   669 | D:1      | Found Useamum's Book Shop.
   711 | D:1      | Reached ** piety under Trog
   719 | D:1      | Reached XP level 3. HP: 33/33 MP: 2/2
   996 | D:2      | Found Jeasch's Weapon Shoppe.
  1143 | D:2      | Found Adwil's Antique Weapon Shop.
  1835 | D:3      | Reached skill level 5 in Long Blades
  1853 | D:3      | Reached XP level 4. HP: 36/40 MP: 3/3
  1905 | D:3      | Found a glowing silver altar of Zin.
  2005 | D:3      | Noticed Robin
  2011 | D:3      | Killed Robin
  2060 | D:3      | Reached *** piety under Trog
  2129 | D:3      | Found a glowing drain.
  2133 | Sewer    | Entered a sewer
  2139 | Sewer    | Reached skill level 1 in Axes
  2155 | Sewer    | Reached XP level 5. HP: 47/47 MP: 4/4
  2613 | D:3      | Noticed Sigmund
  2626 | D:3      | Killed Sigmund
  2627 | D:3      | Reached skill level 5 in Fighting
  2627 | D:3      | Reached XP level 6. HP: 42/56 MP: 5/5
  2701 | D:3      | Found a sacrificial altar of Ru.
  2760 | D:3      | Found a glowing golden altar of the Shining One.
  3090 | D:4      | Reached **** piety under Trog
  3367 | D:4      | Reached skill level 1 in Polearms
  3367 | D:4      | Reached XP level 7. HP: 55/61 MP: 6/6
  3962 | D:5      | Entered Level 5 of the Dungeon
  4028 | D:5      | Reached skill level 5 in Armour
  4037 | D:5      | Reached skill level 5 in Polearms
  4037 | D:5      | Reached XP level 8. HP: 61/70 MP: 7/7
  4070 | D:5      | Mangled by an ogre

Illustrated notes

Levels and vault maps discovered:
D:1:      dpeg_arrival_fog, layout_loops_ring, serial_shops,
          nicolae_shop_hallway_plus, shop, nicolae_shop_trees, shop_statue,
          shop_statue, hellmonk_ecumenical_altar_slurped_away,
          minmay_misc_feat_plants, minmay_octomino_j4
D:2:      layout_basic, serial_shops, shop, nicolae_shop_bloodbath_and_beyond,
          serial_undead, serial_undead_b, serial_undead_c, serial_undead_b,
          serial_undead_c, ebering_dispersal_statue_hall
D:3:      layout_rooms, lemuel_round_altar, mainiacjoe_overflow_alcove_4,
          zin_scriptorium, gup_sewer_entry_spiral, uniq_sigmund, uniq_robin
D:4:      layout_layer_cave
D:5:      layout_rooms, minmay_divided_ellipse

Skill      XL: |  1  2  3  4  5  6  7 |
---------------+----------------------+-----
Fighting       | 4 5 |  5.6
Long Blades    | 4 5 |  5.3
Axes           | 1 4 |  4.8
Armour         | 3 4 5 |  5.1
Dodging        | 3 |  3.6
Polearms       | 1 5 |  5.1
Throwing       | |  0.1
Stealth        | |  0.3

Action                   |  1- 3 |  4- 6 |  7- 9 || total
-------------------------+-------+-------+-------++-------
Melee: Falchion          |    71 |       |       ||    71
       Headbutt          |    13 |    13 |     6 ||    32
       War axe           |    19 |   110 |       ||   129
       Punch             |       |     1 |       ||     1
       Scythe            |       |    32 |    43 ||    75
Throw: Javelin           |       |       |     2 ||     2
Invok: Berserk           |       |     2 |     2 ||     4
       Brothers in Arms  |       |       |     1 ||     1
  Use: Scroll            |     3 |     6 |     4 ||    13
       Potion            |       |       |     1 ||     1
Armor: Animal skin       |    24 |       |       ||    24
       Scale mail        |     4 |    60 |    23 ||    87
Dodge: Dodged            |    69 |    72 |    42 ||   183

Table legend: (Time is in decaauts)
 A = Elapsed time spent in this place.
 B = Non-inter-level travel time spent in this place.
 C = Inter-level travel time spent in this place.
 D = Time resting spent in this place.
 E = Time spent auto-exploring this place.
 F = Levels seen in this place.
 G = Mean time per level.
                   A        B        C        D        E       F      G
               +--------+--------+--------+--------+--------+-----+--------+
         Total |   4293 |   2082 |   2211 |     38 |    998 |   6 |  715.5 |
       Dungeon |   3813 |   1602 |   2211 |     38 |    877 |   5 |  762.6 |
         Sewer |    480 |    480 |      0 |      0 |    121 |   1 |  480.0 |
               +--------+--------+--------+--------+--------+-----+--------+

Top non-repeatable levels by time:
     D:4: 1040 daAuts
     D:2: 927 daAuts
     D:1: 916 daAuts
     D:3: 796 daAuts
   Sewer: 480 daAuts
     D:5: 132 daAuts
